NWL (28 & UNDER)
BISMARCK BARONS @ CULVER CITY EXTRAS
09/21/2028
 
TOP OF THE 1ST
Bismarck Barons batting - Pitching for Culver City Extras : LHP Sebastián Cervantes
Pitching: LHP Sebastián Cervantes
Batting: RHB Xie-li Fong 0-0: Ground out 4-3 (Groundball, 4)
Batting: RHB Eugenio Maldonado 0-0: Ball
1-0: Foul Ball, location: 2F
1-1: Swinging Strike
1-2: Ball
2-2: SINGLE (Groundball, 6MD)
Batting: RHB Jason Stover 0-0: Called Strike
0-1: Ball
1-1: Foul Ball, location: 2F
1-2: Ball
2-2: Ball
3-2: Foul Ball, location: 2F
3-2: Base on Balls
Eugenio Maldonado to second
Batting: LHB Jesús Bueno 0-0: Called Strike
0-1: Fly out, F4 (Popup, 4)
Batting: RHB José Ruíz 0-0: Ball
1-0: Ball
2-0: Foul Ball, location: 2F
2-1: Foul Ball, location: 2F
2-2: Strikes out swinging
Top of the 1st over - 0 run(s), 1 hit(s), 0 error(s), 2 left on base; Bismarck 0 - Culver City 0
BOTTOM OF THE 1ST
Culver City Extras batting - Pitching for Bismarck Barons : RHP Kyle Horton
Pitching: RHP Kyle Horton
Batting: RHB Augusto Trevino 0-0: Ball
1-0: Foul Ball, location: 2F
1-1: Foul Ball, location: 2F
1-2: Ball
2-2: Strikes out swinging
Batting: RHB Horace Johnson 0-0: Ball
1-0: Foul Ball, location: 2F
1-1: Fly out, F8 (Flyball, 8RM)
Batting: SHB Juan Carlos Mesa 0-0: Ball
1-0: Ball
2-0: Ground out 4-3 (Groundball, 4)
Bottom of the 1st over - 0 run(s), 0 hit(s), 0 error(s), 0 left on base; Bismarck 0 - Culver City 0
TOP OF THE 2ND
Bismarck Barons batting - Pitching for Culver City Extras : LHP Sebastián Cervantes
Batting: RHB Eric Black 0-0: Swinging Strike
0-1: SINGLE (Groundball, 6MD)
Batting: RHB Francisco Fernández 0-0: SINGLE (Flyball, 9LS)
Eric Black to second
Runner from 2nd tries for 3rd, SAFE, throw made to third
Francisco Fernández to second
Batting: RHB Felipe Domínguez 0-0: Ball
1-0: Called Strike
1-1: Foul Ball, location: 2F
1-2: Strikes out looking
Batting: SHB José Gonzáles 0-0: Ball
1-0: Swinging Strike
1-1: Foul Ball, location: 2F
1-2: Ball
2-2: SINGLE (Groundball, 34S) (infield hit)
Eric Black scores
Francisco Fernández to third
Batting: RHB Xie-li Fong 0-0: Called Strike
0-1: Foul Ball, location: 2F
0-2: Foul Ball, location: 2F
0-2: Grounds into double play, 4-6-3 (Groundball, 4D)
Top of the 2nd over - 1 run(s), 3 hit(s), 0 error(s), 1 left on base; Bismarck 1 - Culver City 0
BOTTOM OF THE 2ND
Culver City Extras batting - Pitching for Bismarck Barons : RHP Kyle Horton
Batting: RHB Bob Magee 0-0: Ball
1-0: Foul Ball, location: 2F
1-1: Ball
2-1: Ball
3-1: Called Strike
3-2: Fly out, F9 (Flyball, 9)
Batting: RHB Ramón Molina 0-0: Ball
1-0: Swinging Strike
1-1: Ground out 6-3 (Groundball, 6)
Batting: LHB Richard Bell 0-0: Called Strike
0-1: SINGLE (Groundball, 4D)
Batting: LHB Jorge Martínez 0-0: Ball
1-0: Fielders Choice at 2nd, 4-6 (Groundball, 4)
Bottom of the 2nd over - 0 run(s), 1 hit(s), 0 error(s), 0 left on base; Bismarck 1 - Culver City 0
TOP OF THE 3RD
Bismarck Barons batting - Pitching for Culver City Extras : LHP Sebastián Cervantes
Batting: RHB Eugenio Maldonado 0-0: Called Strike
0-1: Fly out, F8 (Line Drive, 8LM)
Batting: RHB Jason Stover 0-0: Ball
1-0: Ball
2-0: Ball
3-0: Called Strike
3-1: Fly out, F8 (Flyball, 89XD)
Batting: LHB Jesús Bueno 0-0: Ball
1-0: Ball
2-0: Foul Ball, location: 2F
2-1: Ball
3-1: Base on Balls
Batting: RHB José Ruíz 0-0: Called Strike
0-1: Ball
1-1: Swinging Strike
1-2: Foul Ball, location: 2F
1-2: Strikes out swinging
Top of the 3rd over - 0 run(s), 0 hit(s), 0 error(s), 1 left on base; Bismarck 1 - Culver City 0
BOTTOM OF THE 3RD
Culver City Extras batting - Pitching for Bismarck Barons : RHP Kyle Horton
Batting: RHB Cooper Richard 0-0: Ball
1-0: Called Strike
1-1: Ball
2-1: Ball
3-1: Foul Ball, location: 2F
3-2: Base on Balls
Batting: RHB Shawn Gutiérrez 0-0: Ball
1-0: Called Strike
1-1: SINGLE (Flyball, 89S)
Cooper Richard to second
Runner from 2nd tries for 3rd, SAFE, no throw
Batting: RHB Augusto Trevino 0-0: Swinging Strike
0-1: Ball
1-1: Foul Ball, location: 2F
1-2: Ball
2-2: Ball
3-2: Base on Balls
Shawn Gutiérrez to second
Batting: RHB Horace Johnson 0-0: Called Strike
0-1: Ball
1-1: Ball
2-1: Ball
3-1: Foul Ball, location: 2F
3-2: Fielders Choice at 2nd, 4-6 (Groundball, 34)
Cooper Richard scores
Shawn Gutiérrez to third
Batting: SHB Juan Carlos Mesa 0-0: Foul Ball, location: 2F
0-1: Fielders Choice at 2nd, 4-6 (Groundball, 4)
Shawn Gutiérrez scores
Batting: RHB Bob Magee 0-0: Foul Ball, location: 2F
0-1: Called Strike
0-2: Ball
1-2: Foul Ball, location: 2F
1-2: Foul Ball, location: 2F
1-2: Ball
2-2: Fly out, F9 (Line Drive, 89D)
Bottom of the 3rd over - 2 run(s), 1 hit(s), 0 error(s), 1 left on base; Bismarck 1 - Culver City 2
TOP OF THE 4TH
Bismarck Barons batting - Pitching for Culver City Extras : LHP Sebastián Cervantes
Batting: RHB Eric Black 0-0: Ball
1-0: Foul Ball, location: 2F
1-1: Ball
2-1: Swinging Strike
2-2: Foul Ball, location: 2F
2-2: Ground out 6-3 (Groundball, 6)
Batting: RHB Francisco Fernández 0-0: Ball
1-0: Fly out, F7 (Flyball, 7S)
Batting: RHB Felipe Domínguez 0-0: Ball
1-0: Foul Ball, location: 2F
1-1: Ball
2-1: Ground out 1-3 (Groundball, 13)
Top of the 4th over - 0 run(s), 0 hit(s), 0 error(s), 0 left on base; Bismarck 1 - Culver City 2
BOTTOM OF THE 4TH
Culver City Extras batting - Pitching for Bismarck Barons : RHP Kyle Horton
Batting: RHB Ramón Molina 0-0: Ball
1-0: Ball
2-0: Called Strike
2-1: Ball
3-1: Foul Ball, location: 2F
3-2: Base on Balls
Batting: LHB Richard Bell 0-0: Fielders Choice at 2nd, 6-4 (Groundball, 6M)
Batting: LHB Jorge Martínez 0-0: Foul Ball, location: 2F
0-1: Fly out, F7 (Flyball, 7LSF)
Batting: RHB Cooper Richard 0-0: Ball
1-0: Fielders Choice at 2nd, 6-4 (Groundball, 6)
Bottom of the 4th over - 0 run(s), 0 hit(s), 0 error(s), 0 left on base; Bismarck 1 - Culver City 2
TOP OF THE 5TH
Bismarck Barons batting - Pitching for Culver City Extras : LHP Sebastián Cervantes
Batting: SHB José Gonzáles 0-0: Ball
1-0: Foul Ball, location: 2F
1-1: Ball
2-1: Foul Ball, location: 2F
2-2: Ball
3-2: Base on Balls
Batting: RHB Xie-li Fong 0-0: Called Strike
0-1: Fielders Choice at 2nd, 5-4 (Groundball, 56)
Batting: RHB Eugenio Maldonado 0-0: Ball
1-0: Grounds into double play, 5-4-3 (Groundball, 56)
Top of the 5th over - 0 run(s), 0 hit(s), 0 error(s), 0 left on base; Bismarck 1 - Culver City 2
BOTTOM OF THE 5TH
Culver City Extras batting - Pitching for Bismarck Barons : RHP Kyle Horton
Batting: RHB Shawn Gutiérrez 0-0: Ball
1-0: Foul Ball, location: 2F
1-1: Foul Ball, location: 2F
1-2: Ball
2-2: SINGLE (Flyball, 7LS)
Batting: RHB Augusto Trevino 0-0: Ball
1-0: Ball
2-0: Ball
3-0: Base on Balls
Shawn Gutiérrez to second
Batting: RHB Horace Johnson 0-0: Fly out, F8 (Flyball, 89M)
Batting: SHB Juan Carlos Mesa 0-0: Ball
Shawn Gutiérrez is caught stealing 3rd base
Augusto Trevino to second
1-0: Ball
2-0: Called Strike
2-1: Foul Ball, location: 2F
2-2: Strikes out swinging
Bottom of the 5th over - 0 run(s), 1 hit(s), 0 error(s), 1 left on base; Bismarck 1 - Culver City 2
TOP OF THE 6TH
Bismarck Barons batting - Pitching for Culver City Extras : LHP Sebastián Cervantes
Batting: RHB Jason Stover 0-0: Called Strike
0-1: Ball
1-1: Ball
2-1: Swinging Strike
2-2: Ground out 3-1 (Groundball, 34S)
Batting: LHB Jesús Bueno 0-0: Ball
1-0: Ball
2-0: Called Strike
2-1: Ground out 6-3 (Groundball, 6)
Batting: RHB José Ruíz 0-0: Ball
1-0: Swinging Strike
1-1: Ball
2-1: Foul Ball, location: 2F
2-2: Strikes out swinging
Top of the 6th over - 0 run(s), 0 hit(s), 0 error(s), 0 left on base; Bismarck 1 - Culver City 2
BOTTOM OF THE 6TH
Culver City Extras batting - Pitching for Bismarck Barons : RHP Kyle Horton
Batting: RHB Bob Magee 0-0: Called Strike
0-1: Ball
1-1: Ball
2-1: Ball
3-1: Called Strike
3-2: Foul Ball, location: 2F
3-2: SINGLE (Groundball, 6MD)
Batting: RHB Ramón Molina 0-0: Foul Ball, location: 2F
0-1: Fly out, F9 (Flyball, 9LS)
Batting: LHB Richard Bell 0-0: Foul Ball, location: 2F
0-1: Called Strike
0-2: Strikes out swinging
Batting: LHB Jorge Martínez 0-0: Called Strike
0-1: Ball
1-1: Ball
2-1: Ground out 1-3 (Groundball, P)
Bottom of the 6th over - 0 run(s), 1 hit(s), 0 error(s), 1 left on base; Bismarck 1 - Culver City 2
TOP OF THE 7TH
Bismarck Barons batting - Pitching for Culver City Extras : LHP Sebastián Cervantes
Now at 3B: Artie Pennington
Batting: RHB Eric Black 0-0: Called Strike
0-1: Ball
1-1: Fly out, F7 (Flyball, 7)
Batting: RHB Francisco Fernández 0-0: Ball
1-0: Ball
2-0: Ball
3-0: Called Strike
3-1: Fly out, F7 (Flyball, 7S)
Batting: RHB Felipe Domínguez 0-0: Called Strike
0-1: Ball
1-1: Called Strike
1-2: Ball
2-2: Foul Ball, location: 2F
2-2: Ball
3-2: Foul Ball, location: 2F
3-2: Foul Ball, location: 2F
3-2: Ground out 6-3 (Groundball, 6)
Top of the 7th over - 0 run(s), 0 hit(s), 0 error(s), 0 left on base; Bismarck 1 - Culver City 2
BOTTOM OF THE 7TH
Culver City Extras batting - Pitching for Bismarck Barons : RHP Kyle Horton
Pitching: RHP Wilson Molina
Batting: RHB Cooper Richard 0-0: Swinging Strike
0-1: Ball
1-1: Ball
2-1: Foul Ball, location: 2F
2-2: Fly out, F7 (Flyball, 7)
Batting: RHB Shawn Gutiérrez 0-0: Called Strike
0-1: Ball
1-1: Ground out 5-3 (Groundball, 56)
Batting: RHB Augusto Trevino 0-0: Foul Ball, location: 2F
0-1: Ball
1-1: SINGLE (Line Drive, 4M)
Pinch Hitting: RHB Tony Cruz 0-0: Ball
1-0: Ball
2-0: Ball
3-0: Base on Balls
Augusto Trevino to second
Batting: SHB Juan Carlos Mesa 0-0: DOUBLE (Line Drive, 7LM)
Augusto Trevino scores
Tony Cruz to third
Runner from 3rd tries for Home, throw and OUT!
Bottom of the 7th over - 1 run(s), 2 hit(s), 0 error(s), 1 left on base; Bismarck 1 - Culver City 3
TOP OF THE 8TH
Bismarck Barons batting - Pitching for Culver City Extras : LHP Sebastián Cervantes
Pitching: LHP Henry Brown
Now at SS: Eugene Booth
Batting: SHB José Gonzáles 0-0: Fly out, F9 (Flyball, 9S)
Batting: RHB Xie-li Fong 0-0: Ball
1-0: Called Strike
1-1: Ball
2-1: Called Strike
2-2: Strikes out looking
Batting: RHB Eugenio Maldonado 0-0: SINGLE (Line Drive, 6M)
Pitching: RHP Juan Rojas
Batting: RHB Jason Stover 0-0: Called Strike
0-1: Foul Ball, location: 2F
0-2: SINGLE (Line Drive, 6D)
Eugenio Maldonado to second
Pitching: LHP Orlando Morales
Batting: LHB Jesús Bueno 0-0: Ball
1-0: Foul Ball, location: 2F
1-1: Ball
2-1: Called Strike
2-2: Fly out, F7 (Flyball, 7)
Top of the 8th over - 0 run(s), 2 hit(s), 0 error(s), 2 left on base; Bismarck 1 - Culver City 3
BOTTOM OF THE 8TH
Culver City Extras batting - Pitching for Bismarck Barons : RHP Wilson Molina
Batting: RHB Artie Pennington 0-0: Ball
1-0: Ball
2-0: Called Strike
2-1: Foul Ball, location: 2F
2-2: Foul Ball, location: 2F
2-2: Ball
3-2: Base on Balls
Batting: RHB Ramón Molina 0-0: Ball
1-0: DOUBLE (Line Drive, 8LXD)
Artie Pennington to third
Runner from 3rd tries for Home, SAFE, throw made home
Batting: LHB Richard Bell 0-0: Ball
1-0: Called Strike
1-1: Ball
2-1: Ground out 5-3 (Groundball, 56)
Batting: LHB Jorge Martínez 0-0: Ground out 3-1 (Groundball, 34S)
Ramón Molina to third
Batting: RHB Cooper Richard 0-0: Ball
1-0: Foul Ball, location: 2F
1-1: Ground out 5-3 (Groundball, 56)
Bottom of the 8th over - 1 run(s), 1 hit(s), 0 error(s), 1 left on base; Bismarck 1 - Culver City 4
TOP OF THE 9TH
Bismarck Barons batting - Pitching for Culver City Extras : LHP Orlando Morales
Pitching: LHP Clarence Gill
Batting: RHB José Ruíz 0-0: Fly out, F8 (Flyball, 8RS)
Batting: RHB Eric Black 0-0: Ball
1-0: Ball
2-0: Called Strike
2-1: Called Strike
2-2: Strikes out swinging, 2-3 out at first.
Batting: RHB Francisco Fernández 0-0: Ball
1-0: Ball
2-0: Ball
3-0: Base on Balls
Batting: RHB Felipe Domínguez 0-0: Called Strike
0-1: Foul Ball, location: 2F
0-2: Ball
1-2: Strikes out swinging
Top of the 9th over - 0 run(s), 0 hit(s), 0 error(s), 1 left on base; Bismarck 1 - Culver City 4
Tuesday, August 8th, 2017 - OOTP Baseball 17.12 Build 75